 Dungeon Crawl Stone Soup version 0.32-a0-132-g2d33c3cfaf (webtiles) character file.

Game seed: 11774546187446620315

78 sanka the Shooter (level 4, -3/25 HPs)
             Began as a Deep Elf Hunter on Feb 9, 2024.
             Killed from afar by an orc wizard (5 damage)
             ... with a magic dart
             ... on level 3 of the Dungeon.
             The game lasted 00:03:31 (1312 turns).

sanka the Shooter (Deep Elf Hunter)                 Turns: 1312, Time: 00:03:32

Health: -3/25      AC:  2    Str:  8    XL:     4   Next: 15%
Magic:  6/6        EV: 13    Int: 14    God:
Gold:   105        SH:  0    Dex: 20    Spells: 3/3 levels left

rFire   . . .        a - +0 shortbow
rCold   . . .        (shield currently unavailable)
rNeg    . . .        i - +0 robe
rPois   +            (no helmet)
rElec   .            (no cloak)
rCorr   +            (no gloves)
SInv    .            (no boots)
Will    +....        (no amulet)
Stlth   ++           r - ring of resist corrosion
HPRegen 0.24/turn    c - ring of flight
MPRegen 0.10/turn

%: no passive effects
@: flying, studying Long Blades
A: strong-willed 1, poison resistance
a: no special abilities


You were on level 3 of the Dungeon.
You visited 1 branch of the dungeon, and saw 3 of its levels.

You collected 105 gold pieces.


Innate Abilities, Weirdness & Mutations

You are strong-willed. (Will+)
Your system is resistant to poisons. (rPois)


   Skills:
 - Level 1.5 Fighting
 + Level 7.6 Ranged Weapons
 - Level 2.4 Dodging
 - Level 1.2 Stealth


You had 3 spell levels left.
You didn't know any spells.
Your spell library contained the following spells:

 Spells                   Type           Power      Damage    Failure   Level
 Cigotuvi's Dreadful Rot  Necr/Alch/Air  0%         N/A       41%         2
 Dispel Undead            Necr           0%         3d6       96%         4
 Martyr's Knell           Necr/Summ      0%         N/A       96%         4
 Death Channel            Necr           0%         N/A       100%        6

Inventory:

Hand Weapons
 a - a +0 shortbow (weapon)
Missiles
 m - a throwing net {=f}
Armour
 i - a +0 robe (worn)
Jewellery
 c - a ring of flight (right hand)
 q - a ring of magical power
 r - a ring of resist corrosion (left hand)
Scrolls
 b - a scroll of butterflies
 d - 2 scrolls of silence {unknown}
 e - a scroll of torment {unknown}
 g - 2 scrolls of revelation {unknown}
 h - 2 scrolls of immolation {unknown}
 j - 2 scrolls of noise {unknown}
 n - 2 scrolls of identify {unknown}
 p - a scroll of enchant weapon {unknown}
Potions
 l - a potion of curing {unknown}
 s - a potion of invisibility {unknown}

Dungeon Overview and Level Annotations

Branches:
Dungeon (3/15)

Altars:
Kikubaaqudgha

Shops:
D:2 [

Annotations:
D:2 1 runed translucent door, Crazy Yiuf

▒...▒ ▒.▒ ▒.▒ ▒.▒▒▒
▒.▒ ▒.▒ ▒.▒ ▒.▒ ▒<▒
▒.▒▒▒▒▒▒▒▒▒)▒ ▒.▒
▒▒▒▒▒▒▒.▒▒........▒
...........▒▒▒▒▒▒▒▒
▒▒▒▒▒▒▒)▒▒▒▒
▒.▒▒▒▒▒▒▒▒▒▒▒▒▒▒.▒
▒o▒▒....o{e......▒
▒.▒▒.▒▒▒▒▒▒▒▒▒▒▒▒▒
▒▒▒▒▒▒.▒▒.▒
..........o▒
▒▒▒▒▒▒▒▒▒▒▒▒


You could see an orc.


Message History

Unknown command.
You shoot an arrow. The arrow closely misses the orc.
You hear some strange, mumbled words.
A magic dart appears from out of thin air!
The magic dart hits you!
Unknown command.
You shoot an arrow.
The arrow hits the orc but does no damage.
The orc is heavily wounded.
You hear some strange, mumbled words.
A puff of flame appears from out of thin air!
The puff of flame hits you!
* * * LOW HITPOINT WARNING * * *
You shoot an arrow.
You hear some strange, mumbled words.
A magic dart appears from out of thin air!
The magic dart hits you!
* * * LOW HITPOINT WARNING * * *
You shoot an arrow. Something hits you but does no damage. Something hits you.
* * * LOW HITPOINT WARNING * * *
Unknown command.
You shoot an arrow. The arrow barely misses the orc.
You hear some strange, mumbled words.
A magic dart appears from out of thin air!
The magic dart hits you.
You die...

Action                     |  1- 3 |  4- 6 || total
---------------------------+-------+-------++-------
  Melee: Shortbow          |       |     1 ||     1
   Fire: Shortbow          |   105 |    20 ||   125
    Use: Potion            |       |     4 ||     4
 Armour: Leather armour    |    11 |       ||    11
         Robe              |     7 |    26 ||    33
  Dodge: Dodged            |    19 |     2 ||    21

Levels and vault maps discovered:
D:1:      heliophobic_arrival_battle_scene, layout_rooms,
          minmay_indecisive_spiral
D:2:      layout_rooms, serial_shops, nicolae_shop_peninsula, basic_altar,
          uniq_crazy_yiuf_cottage
D:3:      layout_loops_ring, serial_glass, glass_columns_a, glass_columns_a,
          glass_columns_a, glass_columns_c, glass_columns_a, glass_columns_b,
          glass_columns_a, glass_columns_a, st_stairs_9, uniq_ijyb

Notes
Turn   | Place    | Note
-------+----------+-------------------------------------------
     0 | D:1      | sanka the Deep Elf Hunter began the quest for the Orb.
     0 | D:1      | Reached XP level 1. HP: 12/12 MP: 3/3
   133 | D:1      | Reached XP level 2. HP: 16/16 MP: 4/4
   134 | D:1      | Reached skill level 6 in Ranged Weapons
   441 | D:1      | Reached XP level 3. HP: 20/20 MP: 5/5
   624 | D:2      | Reached skill level 7 in Ranged Weapons
   739 | D:2      | Found Biuzopaw's Armour Shoppe.
   869 | D:2      | Found an ancient bone altar of Kikubaaqudgha.
  1018 | D:2      | Found a runed translucent door.
  1019 | D:2      | Noticed Crazy Yiuf
  1197 | D:3      | Reached XP level 4. HP: 25/25 MP: 6/6
  1305 | D:3      | Gained mutation: Your system is resistant to poisons.
                  | (rPois) [potion of mutation]
  1305 | D:3      | Gained mutation: You are strong-willed. (Will+) [potion of
                  | mutation]
  1311 | D:3      | HP: 2/25 [something (2)]
  1312 | D:3      | Killed from afar by an orc wizard

Vanquished Creatures
  3 adders
  A dart slug (D:1)
  An orc (D:3)
  3 bats
  7 endoplasms
  5 giant cockroaches
  5 goblins
  A hobgoblin (D:1)
  3 quokkas (D:1)
  3 ball pythons
  2 frilled lizards (D:1)
  7 kobolds
  4 rats
45 creatures vanquished.
